 Dungeon Crawl Stone Soup version 0.29-a0-299-g4c793a2ed2 (webtiles) character file.

Game seed: 3868279553570794302

79 kae the Firebug (level 4, -2/25 HPs)
             Began as a Tengu Fire Elementalist on Mar 24, 2022.
             Was an Initiate of Vehumet.
             Slain by an orc warrior
             ... wielding a +0 trident
              (7 damage)
             ... on level 3 of the Dungeon.
             The game lasted 00:01:15 (2168 turns).

kae the Firebug (Tengu Fire Elementalist)           Turns: 2168, Time: 00:01:15

Health: -2/25      AC:  2    Str:  8    XL:     4   Next: 38%
Magic:  5/8        EV: 13    Int: 17    God:    Vehumet [......]
Gold:   161        SH:  0    Dex: 15    Spells: 5/8 levels left

rFire   . . .      SeeInvis .   c - +0 spear
rCold   . . .      Faith    .   (no shield)
rNeg    . . .      Spirit   .   a - +0 robe
rPois   .          Reflect  .   (helmet restricted)
rElec   .          Harm     .   (no cloak)
rCorr   .          Rampage  .   (no gloves)
Will    .....                   (boots unavailable)
Stlth   +.........              f - amulet of magic regeneration
HPRegen 0.08/turn               (no ring)
MPRegen 0.51/turn               (no ring)

@: confused
A: beak, talons 3
a: Renounce Religion


You were on level 3 of the Dungeon.
You worshipped Vehumet.
Vehumet was noncommittal.
You visited 1 branch of the dungeon, and saw 3 of its levels.

You collected 161 gold pieces.

Inventory:

Hand Weapons
 c - a +0 spear (weapon)
Armour
 a - a +0 robe (worn)
Jewellery
 f - an amulet of magic regeneration (around neck)
 g - a ring of protection from cold
Scrolls
 d - a scroll of teleportation
 e - a scroll of enchant armour {unknown}
 h - 4 scrolls of identify
 j - a scroll of enchant weapon {unknown}
 k - 2 scrolls of magic mapping {unknown}
Potions
 b - a potion of magic
 i - a potion of heal wounds {unknown}
 l - a potion of haste {unknown}
 m - a potion of flight {unknown}


   Skills:
 + Level 1.1 Fighting
 + Level 2.7 Dodging
 - Level 2.0 Stealth
 + Level 2.5 Spellcasting
 + Level 2.3 Conjurations
 * Level 4.2 Fire Magic


You had 5 spell levels left.
You knew the following spells:

 Your Spells              Type           Power      Damage    Failure   Level
a - Foxfire               Conj/Fire      52%        2x1d6     4%          1
b - Scorch                Fire           32%        2d7       4%          2

Your spell library contained the following spells:

 Spells                   Type           Power      Damage    Failure   Level
 Magic Dart               Conj           40%        1d5       7%          1
 Searing Ray              Conj           20%        2d5       11%         2
 Conjure Flame            Conj/Fire      13%        6-21      14%         3
 Inner Flame              Hex/Fire       9%         N/A       22%         3
 Flame Wave               Conj/Fire      13%        2d6       43%         4
 Fulminant Prism          Conj/Hex       3%         3d6       75%         4


Dungeon Overview and Level Annotations

Branches:
Dungeon (3/15)

Altars:
Vehumet

Shops:
D:1 ?


Innate Abilities, Weirdness & Mutations

You have a beak for a mouth.
You have claws for feet.


Message History

Your foxfire dissipates!
You start resting.
Your magical contamination has completely faded away.
An orc wizard is nearby!
Casting: Scorch (safe; 4% risk of failure)
Confirm with . or Enter, or press ? or * to list all spells.
You can't see any susceptible monsters within range! (Use Z to cast anyway.)
Casting: Scorch (safe; 4% risk of failure)
Confirm with . or Enter, or press ? or * to list all spells.
You conjure some foxfire!
The orc wizard shouts!
You start waiting.
Your foxfire dissipates! x2
Casting: Foxfire (safe; 4% risk of failure)
Confirm with . or Enter, or press ? or * to list all spells.
You conjure some foxfire!
The foxfire hits the orc wizard but does no damage.
The orc wizard casts a spell at you. The magic dart hits you!
Casting: Foxfire (safe; 4% risk of failure)
Confirm with . or Enter, or press ? or * to list all spells.
Flames lash the orc wizard.
The orc wizard is heavily wounded.
The orc wizard's fire resistance burns away.
Your foxfire dissipates!
Casting: Scorch (safe; 4% risk of failure)
Confirm with . or Enter, or press ? or * to list all spells.
Flames lash the orc wizard.
The orc wizard is heavily wounded.
The orc wizard hits you but does no damage.
The orc wizard hits you with a +1 dagger of electrocution.
You are electrocuted!
* * * LOW HITPOINT WARNING * * *
Casting: Scorch (safe; 4% risk of failure)
Confirm with . or Enter, or press ? or * to list all spells.
Flames lash the orc warrior but do no damage.
The orc wizard gestures at you while chanting.
You are confused.
The orc warrior hits you from afar with a +0 trident!
You die...

........#
##.###...........#.# #.
#.oo...####.###...........#.#
#.
#...<.#..................#.#
#.
#.....#.##.###.......#####.#
#. ##o#.##.#...##.......# #.#
#. ###.#.##.#...##########
#.# #. #............# #.# #.
#.#..###.#)..##############.#
#. #.#..
#.##..oo@..........^.# #. .
#.. #....################# #.
####.# ########. #.#
#........ ### #........
#........ #........ #........
#........


You could see an orc warrior and an orc wizard (combustible).

Vanquished Creatures
  A gnoll (D:1)
  3 adders
  A worm (D:3)
  An orc (D:3)
  A bat (D:1)
  4 endoplasms
  3 giant cockroaches
  5 hobgoblins
  2 jackals (D:2)
  A quokka (D:3)
  3 ball pythons
  2 frilled lizards (D:1)
  5 goblins
  2 kobolds
  4 rats
38 creatures vanquished.

Vanquished Creatures (others)
  129 foxfires
129 creatures vanquished.

Grand Total: 167 creatures vanquished

Notes
Turn   | Place    | Note
-------+----------+-------------------------------------------
     0 | D:1      | kae the Tengu Fire Elementalist began the quest for the
                  | Orb.
     0 | D:1      | Reached XP level 1. HP: 10/10 MP: 4/4
   266 | D:1      | Reached XP level 2. HP: 16/16 MP: 3/6
   523 | D:1      | Found Nelaang's Magic Scroll Emporium.
   762 | D:1      | Reached XP level 3. HP: 20/20 MP: 4/7
  1061 | D:1      | Found a faded altar of an unknown god.
  1411 | D:2      | Reached skill level 4 in Fire Magic
  1490 | D:2      | Reached skill level 1 in Fighting
  1499 | D:2      | Reached XP level 4. HP: 25/25 MP: 8/8
  1559 | D:2      | Found a radiant altar of Vehumet.
  1621 | D:2      | Became a worshipper of Vehumet
  1766 | D:2      | Learned a level 2 spell: Scorch
  1834 | D:3      | Noticed an orc warrior
  2168 | D:3      | Slain by an orc warrior

Illustrated notes

Levels and vault maps discovered:
D:1:      lightli_arrival_maybe_door_vault, layout_basic,
          ebering_ecumenical_altar_hall, serial_shops, nicolae_shop_trees
D:2:      layout_rooms, basic_altar
D:3:      layout_basic, fedhas_altar_fruit_tree, uniq_natasha

Skill      XL: |  1  2  3 |
---------------+----------+-----
Conjurations   | 2 |  2.3
Fire Magic     | 4 |  4.2
Fighting       | 1 |  1.1
Dodging        | |  2.7
Stealth        | |  2.0
Spellcasting   | |  2.5

Action                   |  1- 3 |  4- 6 || total
-------------------------+-------+-------++-------
Melee: Unarmed           |     3 |       ||     3
       Spear             |       |     2 ||     2
       Peck              |       |     1 ||     1
 Cast: Foxfire           |    56 |    20 ||    76
       Scorch            |       |     7 ||     7
  Use: Scroll            |     2 |       ||     2
Armor: Robe              |     1 |     4 ||     5
Dodge: Dodged            |    11 |     4 ||    15

Table legend: (Time is in decaauts)
 A = Elapsed time spent in this place.
 B = Non-inter-level travel time spent in this place.
 C = Inter-level travel time spent in this place.
 D = Time resting spent in this place.
 E = Time spent auto-exploring this place.
 F = Levels seen in this place.
 G = Mean time per level.
                   A        B        C        D        E       F      G
               +--------+--------+--------+--------+--------+-----+--------+
         Total |   2168 |   2094 |     74 |      2 |   1776 |   3 |  722.7 |
       Dungeon |   2168 |   2094 |     74 |      2 |   1776 |   3 |  722.7 |
               +--------+--------+--------+--------+--------+-----+--------+

Top non-repeatable levels by time:
     D:1: 1286 daAuts
     D:2: 584 daAuts
     D:3: 297 daAuts
